TOP OF THE 1ST |
Arizona Diamondbacks batting - Pitching for Pittsburgh Pirates : RHP Jonathan Loaisiga
|
Pitching: RHP Jonathan Loaisiga
|
|
Batting: RHB Ramon Laureano
|
0-0: Called Strike 0-1: SINGLE (Line Drive, 7LS, EV 111.9 MPH)
|
Batting: LHB Raimel Tapia
|
0-0: Called Strike 0-1: DOUBLE (Groundball, 3L, EV 100.0 MPH) Ramon Laureano to third
|
Batting: RHB Gleyber Torres
|
0-0: Ball 1-0: Ball 2-0: Swinging Strike 2-1: DOUBLE (Line Drive, 7LS, EV 88.1 MPH) Ramon Laureano scores Raimel Tapia scores
|
Batting: RHB Anthony Rendon
|
0-0: Called Strike 0-1: Called Strike 0-2: Ball 1-2: Fly out, F8 (Flyball, 8LD, EV 83.1 MPH)
|
Batting: RHB Fernando Tatis Jr.
|
0-0: Ball 1-0: Called Strike 1-1: Swinging Strike 1-2: Strikes out looking
|
Batting: LHB Ryan McMahon
|
0-0: Ball 1-0: Called Strike 1-1: Swinging Strike 1-2: Strikes out swinging
|
Top of the 1st over - 2 runs, 3 hits, 0 errors, 1 left on base; Arizona 2 - Pittsburgh 0 |
BOTTOM OF THE 1ST |
Pittsburgh Pirates batting - Pitching for Arizona Diamondbacks : RHP Austin Voth
|
Pitching: RHP Austin Voth
|
|
Batting: RHB Byron Buxton
|
0-0: Called Strike 0-1: Ball 1-1: Foul Ball, location: 2F 1-2: DOUBLE (Line Drive, 7LD, EV 100.6 MPH)
|
Batting: LHB Jason Kipnis
|
0-0: Called Strike 0-1: Ball 1-1: Ball 2-1: DOUBLE (Line Drive, 8LXD, EV 102.5 MPH) Byron Buxton scores
|
Batting: LHB Didi Gregorius
|
0-0: Ball 1-0: Ball 2-0: Called Strike 2-1: Foul Ball, location: 2F 2-2: Ground out 4-3 (Groundball, 4, EV 77.5 MPH) Jason Kipnis to third
|
Batting: RHB Franmil Reyes
|
0-0: Ball 1-0: Called Strike 1-1: SINGLE (Groundball, 6D, EV 104.4 MPH) Jason Kipnis scores
|
Batting: LHB Eric Thames
|
0-0: Ball 1-0: Ball 2-0: Called Strike 2-1: Called Strike 2-2: Grounds into double play, U6-3 (Groundball, 4MD, EV 79.4 MPH)
|
Bottom of the 1st over - 2 runs, 3 hits, 0 errors, 0 left on base; Arizona 2 - Pittsburgh 2 |
TOP OF THE 2ND |
Arizona Diamondbacks batting - Pitching for Pittsburgh Pirates : RHP Jonathan Loaisiga
|
Batting: LHB Josh Reddick
|
0-0: Ball 1-0: Fly out, F8 (Line Drive, 8LD, EV 100.0 MPH)
|
Batting: RHB William Contreras
|
0-0: Called Strike 0-1: Called Strike 0-2: Strikes out looking
|
Batting: RHB Austin Voth
|
0-0: Foul Ball, location: 2F 0-1: Ball 1-1: Ball 2-1: Swinging Strike 2-2: Strikes out swinging
|
Top of the 2nd over - 0 runs, 0 hits, 0 errors, 0 left on base; Arizona 2 - Pittsburgh 2 |
BOTTOM OF THE 2ND |
Pittsburgh Pirates batting - Pitching for Arizona Diamondbacks : RHP Austin Voth
|
Batting: RHB Renato Nunez
|
0-0: Ball 1-0: SOLO HOME RUN (Flyball, 89XD, EV 99.4 MPH), Distance : 425 ft
|
Batting: LHB LaMonte Wade Jr.
|
0-0: Called Strike 0-1: Foul Ball, location: 2F 0-2: Foul Ball, location: 2F 0-2: Ball 1-2: Ball 2-2: Fly out, F6 (Popup, 6D, EV 58.8 MPH)
|
Batting: LHB Jason Castro
|
0-0: Ball 1-0: Ball 2-0: Foul Ball, location: 2F 2-1: SOLO HOME RUN (Flyball, 9D, EV 95.0 MPH), Distance : 382 ft
|
Batting: RHB Jonathan Loaisiga
|
0-0: Ground out 6-3 (Groundball, 56, EV 108.8 MPH)
|
Batting: RHB Byron Buxton
|
0-0: Ball 1-0: Ball 2-0: Ball 3-0: Called Strike 3-1: Foul Ball, location: 2F 3-2: Base on Balls
|
Batting: LHB Jason Kipnis
|
0-0: Ball 1-0: Called Strike 1-1: Ball 2-1: Ball 3-1: 2-RUN HOME RUN (Flyball, 7D, EV 112.5 MPH), Distance : 377 ft
|
Batting: LHB Didi Gregorius
|
0-0: Fly out, F6 (Popup, 6MS, EV 73.8 MPH)
|
Bottom of the 2nd over - 4 runs, 3 hits, 0 errors, 0 left on base; Arizona 2 - Pittsburgh 6 |
TOP OF THE 3RD |
Arizona Diamondbacks batting - Pitching for Pittsburgh Pirates : RHP Jonathan Loaisiga
|
Batting: RHB Ramon Laureano
|
0-0: Swinging Strike 0-1: Foul Ball, location: 2F 0-2: Ball 1-2: Ball 2-2: Foul Ball, location: 2F 2-2: Foul Ball, location: 2F 2-2: Ball 3-2: Strikes out swinging
|
Batting: LHB Raimel Tapia
|
0-0: Called Strike 0-1: Ball 1-1: Foul Ball, location: 2F 1-2: Ball 2-2: Ground out 4-3 (Groundball, 4, EV 92.5 MPH)
|
Batting: RHB Gleyber Torres
|
0-0: Ball 1-0: Ground out 6-3 (Groundball, 6, EV 88.8 MPH)
|
Top of the 3rd over - 0 runs, 0 hits, 0 errors, 0 left on base; Arizona 2 - Pittsburgh 6 |
BOTTOM OF THE 3RD |
Pittsburgh Pirates batting - Pitching for Arizona Diamondbacks : RHP Austin Voth
|
Batting: RHB Franmil Reyes
|
0-0: Ball 1-0: Foul Ball, location: 2F 1-1: Ball 2-1: Called Strike 2-2: Foul Ball, location: 2F 2-2: Ground out 4-3 (Groundball, 4, EV 110.6 MPH)
|
Batting: LHB Eric Thames
|
0-0: Ball 1-0: Ball 2-0: DOUBLE (Line Drive, 3D, EV 96.3 MPH)
|
Pitching: LHP Eric Stout
|
|
Pinch Runner at 2nd Bobby Dalbec:
|
|
Batting: RHB Renato Nunez
|
0-0: Foul Ball, location: 2F 0-1: Swinging Strike 0-2: Hit by Pitch
|
Batting: LHB LaMonte Wade Jr.
|
0-0: Called Strike 0-1: Foul Ball, location: 2F 0-2: Foul Ball, location: 2F 0-2: Ball 1-2: Ball 2-2: Foul Ball, location: 2F 2-2: DOUBLE (Line Drive, 7LD, EV 105.0 MPH) Bobby Dalbec scores Renato Nunez to third
|
Batting: LHB Jason Castro
|
0-0: Called Strike 0-1: Foul Ball, location: 2F 0-2: Ball 1-2: Strikes out looking
|
Batting: RHB Jonathan Loaisiga
|
0-0: Ball 1-0: Ball 2-0: Ball 3-0: Called Strike 3-1: Base on Balls
|
Batting: RHB Byron Buxton
|
0-0: Called Strike 0-1: Ball 1-1: Swinging Strike 1-2: Foul Ball, location: 2F 1-2: Strikes out swinging
|
Bottom of the 3rd over - 1 run, 2 hits, 0 errors, 3 left on base; Arizona 2 - Pittsburgh 7 |
TOP OF THE 4TH |
Arizona Diamondbacks batting - Pitching for Pittsburgh Pirates : RHP Jonathan Loaisiga
|
Now at 1B: Ryan Zimmerman
|
|
Batting: RHB Anthony Rendon
|
0-0: Ball 1-0: Called Strike 1-1: SINGLE (Flyball, 9LM, EV 92.5 MPH)
|
Batting: RHB Fernando Tatis Jr.
|
0-0: Ball 1-0: Swinging Strike 1-1: Ball 2-1: Called Strike 2-2: Strikes out swinging
|
Batting: LHB Ryan McMahon
|
0-0: Foul Ball, location: 2F 0-1: Ball 1-1: Called Strike 1-2: Strikes out swinging
|
Batting: LHB Josh Reddick
|
0-0: Called Strike 0-1: Ball 1-1: Foul Ball, location: 2F 1-2: SINGLE (Groundball, 34D, EV 107.5 MPH) Anthony Rendon to second Runner from 2nd tries for 3rd, SAFE, no throw by RF
|
Batting: RHB William Contreras
|
0-0: Called Strike 0-1: Ground out 6-3 (Groundball, 6S, EV 86.3 MPH)
|
Top of the 4th over - 0 runs, 2 hits, 0 errors, 2 left on base; Arizona 2 - Pittsburgh 7 |
BOTTOM OF THE 4TH |
Pittsburgh Pirates batting - Pitching for Arizona Diamondbacks : LHP Eric Stout
|
Pitching: RHP Julio Teheran
|
|
Batting: LHB Jason Kipnis
|
0-0: Ground out 4-3 (Groundball, 4, EV 103.8 MPH)
|
Batting: LHB Didi Gregorius
|
0-0: Ball 1-0: SOLO HOME RUN (Flyball, 9D, EV 88.1 MPH), Distance : 377 ft
|
Batting: RHB Franmil Reyes
|
0-0: Fly out, F8 (Flyball, 8LD, EV 88.1 MPH)
|
Batting: RHB Ryan Zimmerman
|
0-0: DOUBLE (Flyball, 8LXD, EV 93.8 MPH)
|
Batting: RHB Renato Nunez
|
0-0: Swinging Strike 0-1: Fly out, F9 (Flyball, 9S, EV 85.6 MPH)
|
Bottom of the 4th over - 1 run, 2 hits, 0 errors, 1 left on base; Arizona 2 - Pittsburgh 8 |
TOP OF THE 5TH |
Arizona Diamondbacks batting - Pitching for Pittsburgh Pirates : RHP Jonathan Loaisiga
|
Batting: RHB Julio Teheran
|
0-0: Called Strike 0-1: Ground out 1-3 (Groundball, P, EV 71.9 MPH)
|
Batting: RHB Ramon Laureano
|
0-0: Ball 1-0: Foul Ball, location: 2F 1-1: Foul Ball, location: 2F 1-2: Strikes out swinging
|
Batting: LHB Raimel Tapia
|
0-0: Ball 1-0: Foul Ball, location: 2F 1-1: Ball 2-1: Foul Ball, location: 2F 2-2: Ball 3-2: Strikes out swinging
|
Top of the 5th over - 0 runs, 0 hits, 0 errors, 0 left on base; Arizona 2 - Pittsburgh 8 |
BOTTOM OF THE 5TH |
Pittsburgh Pirates batting - Pitching for Arizona Diamondbacks : RHP Julio Teheran
|
Batting: LHB LaMonte Wade Jr.
|
0-0: Ball 1-0: Called Strike 1-1: Fly out, F3 (Line Drive, 4, EV 75.0 MPH)
|
Batting: LHB Jason Castro
|
0-0: Foul Ball, location: 2F 0-1: Ball 1-1: Ball 2-1: Foul Ball, location: 2F 2-2: Strikes out swinging, 2-3 out at first.
|
Pinch Hitting: RHB Josh Phegley
|
0-0: Ball 1-0: Foul Ball, location: 2F 1-1: Ball 2-1: SINGLE (Line Drive, 4D, EV 102.5 MPH)
|
Batting: RHB Byron Buxton
|
0-0: Called Strike 0-1: Ball 1-1: Ball 2-1: Ball 3-1: 2-RUN HOME RUN (Flyball, 7LD, EV 90.6 MPH), Distance : 356 ft
|
Batting: LHB Jason Kipnis
|
0-0: Ball 1-0: Called Strike 1-1: Ball 2-1: Called Strike 2-2: Ball 3-2: Base on Balls
|
Batting: LHB Didi Gregorius
|
0-0: Called Strike 0-1: Fly out, F8 (Flyball, 8RD, EV 73.8 MPH)
|
Bottom of the 5th over - 2 runs, 2 hits, 0 errors, 1 left on base; Arizona 2 - Pittsburgh 10 |
TOP OF THE 6TH |
Arizona Diamondbacks batting - Pitching for Pittsburgh Pirates : RHP Jonathan Loaisiga
|
Pitching: RHP Matt Bush
|
|
Batting: RHB Gleyber Torres
|
0-0: Foul Ball, location: 2F 0-1: Reached on error, E5 (Groundball, 5S, EV 82.5 MPH)
|
Batting: RHB Anthony Rendon
|
0-0: Ball Gleyber Torres steals 2nd base (no throw) 1-0: Ball 2-0: Called Strike 2-1: Swinging Strike 2-2: Strikes out looking
|
Batting: RHB Fernando Tatis Jr.
|
0-0: Called Strike 0-1: Foul Ball, location: 2F 0-2: Ball 1-2: Strikes out looking
|
Batting: LHB Ryan McMahon
|
0-0: Ball 1-0: 2-RUN HOME RUN (Flyball, 9LD, EV 104.4 MPH), Distance : 346 ft
|
Batting: LHB Josh Reddick
|
0-0: Called Strike 0-1: Ball 1-1: Ball 2-1: Fly out, F9 (Flyball, 9LM, EV 97.5 MPH)
|
Top of the 6th over - 2 runs, 1 hit, 1 error, 0 left on base; Arizona 4 - Pittsburgh 10 |
BOTTOM OF THE 6TH |
Pittsburgh Pirates batting - Pitching for Arizona Diamondbacks : RHP Julio Teheran
|
Batting: RHB Franmil Reyes
|
0-0: Called Strike 0-1: Ball 1-1: SINGLE (Groundball, P, EV 91.3 MPH) (infield hit)
|
Batting: RHB Ryan Zimmerman
|
0-0: Ball 1-0: Swinging Strike 1-1: Ball Wild Pitch! Franmil Reyes to second 2-1: Foul Ball, location: 2F 2-2: Ball 3-2: Base on Balls
|
Pitching: RHP Kodi Whitley
|
|
Batting: RHB Renato Nunez
|
0-0: Ball 1-0: Swinging Strike 1-1: Called Strike 1-2: Ball 2-2: Foul Ball, location: 2F 2-2: SINGLE (Line Drive, 56D, EV 102.5 MPH) Franmil Reyes to third Ryan Zimmerman to second Runner from 3rd tries for Home, SAFE, throw by LF to home
|
Batting: LHB LaMonte Wade Jr.
|
0-0: Ball 1-0: Ground out 5-3 (Groundball, 56S, EV 73.8 MPH) Ryan Zimmerman to third Renato Nunez to second
|
Batting: LHB Jason Castro
|
0-0: Called Strike 0-1: Ball 1-1: 3-RUN HOME RUN (Flyball, 9D, EV 95.0 MPH), Distance : 393 ft
|
Batting: RHB Matt Bush
|
0-0: Ground out 5-3 (Groundball, 56S, EV 67.5 MPH)
|
Batting: RHB Byron Buxton
|
0-0: Ball 1-0: Ball 2-0: Foul Ball, location: 2F 2-1: SINGLE (Line Drive, 56D, EV 95.6 MPH)
|
Batting: LHB Jason Kipnis
|
0-0: Called Strike 0-1: Foul Ball, location: 2F 0-2: Strikes out swinging
|
Bottom of the 6th over - 4 runs, 4 hits, 0 errors, 1 left on base; Arizona 4 - Pittsburgh 14 |
TOP OF THE 7TH |
Arizona Diamondbacks batting - Pitching for Pittsburgh Pirates : RHP Matt Bush
|
Batting: RHB William Contreras
|
0-0: Foul Ball, location: 2F 0-1: Swinging Strike 0-2: Strikes out swinging, 2-3 out at first.
|
Pinch Hitting: LHB Alex Verdugo
|
0-0: Ball 1-0: Ball 2-0: Ball 3-0: Called Strike 3-1: Ground out 4-3 (Groundball, 4, EV 104.4 MPH)
|
Batting: RHB Ramon Laureano
|
0-0: Ball 1-0: DOUBLE (Flyball, 8RXD, EV 101.9 MPH)
|
Batting: LHB Raimel Tapia
|
0-0: Foul Ball, location: 2F 0-1: Foul Ball, location: 2F 0-2: Fly out, F9 (Flyball, 89D, EV 81.3 MPH)
|
Top of the 7th over - 0 runs, 1 hit, 0 errors, 1 left on base; Arizona 4 - Pittsburgh 14 |
BOTTOM OF THE 7TH |
Pittsburgh Pirates batting - Pitching for Arizona Diamondbacks :
|
Pitching: RHP Blake Treinen
|
|
Batting: LHB Didi Gregorius
|
0-0: Ball 1-0: Ball 2-0: Ground out 3-1 (Groundball, 34S, EV 86.9 MPH)
|
Batting: RHB Franmil Reyes
|
0-0: Called Strike 0-1: Foul Ball, location: 2F 0-2: Foul Ball, location: 2F 0-2: Ball 1-2: Ground out 6-3 (Groundball, P, EV 87.5 MPH)
|
Batting: RHB Ryan Zimmerman
|
0-0: Ball 1-0: Called Strike 1-1: Ball 2-1: Swinging Strike 2-2: Fly out, F1 (Line Drive, P, EV 70.0 MPH)
|
Bottom of the 7th over - 0 runs, 0 hits, 0 errors, 0 left on base; Arizona 4 - Pittsburgh 14 |
TOP OF THE 8TH |
Arizona Diamondbacks batting - Pitching for Pittsburgh Pirates : RHP Matt Bush
|
Pitching: RHP Trevor May
|
|
Pinch Hitting: RHB Tim Beckham
|
0-0: Foul Ball, location: 2F 0-1: Called Strike 0-2: Ball 1-2: Strikes out looking
|
Batting: RHB Anthony Rendon
|
0-0: Foul Ball, location: 2F 0-1: Ball 1-1: Ball 2-1: Foul Ball, location: 2F 2-2: Fly out, F8 (Flyball, 8RXD, EV 101.3 MPH)
|
Batting: RHB Fernando Tatis Jr.
|
0-0: Called Strike 0-1: Foul Ball, location: 2F 0-2: Strikes out swinging
|
Top of the 8th over - 0 runs, 0 hits, 0 errors, 0 left on base; Arizona 4 - Pittsburgh 14 |
BOTTOM OF THE 8TH |
Pittsburgh Pirates batting - Pitching for Arizona Diamondbacks : RHP Blake Treinen
|
Now at 2B: Tim Beckham
|
|
Batting: RHB Renato Nunez
|
0-0: Fly out, F8 (Flyball, 8LD, EV 91.3 MPH)
|
Batting: LHB LaMonte Wade Jr.
|
0-0: Swinging Strike 0-1: Swinging Strike 0-2: Ball 1-2: Foul Ball, location: 2F 1-2: Ball 2-2: Ball 3-2: Fly out, F8 (Flyball, 8LS, EV 86.3 MPH)
|
Batting: LHB Jason Castro
|
0-0: Ball 1-0: Foul Ball, location: 2F 1-1: Ball 2-1: Called Strike 2-2: Foul Ball, location: 2F 2-2: Foul Ball, location: 2F 2-2: Ball 3-2: Base on Balls
|
Batting: RHB Trevor May
|
0-0: Ball 1-0: Ball 2-0: SINGLE (Groundball, 3D, EV 95.0 MPH) Jason Castro to second
|
Batting: RHB Byron Buxton
|
0-0: Called Strike 0-1: Swinging Strike 0-2: Ball 1-2: Strikes out looking
|
Bottom of the 8th over - 0 runs, 1 hit, 0 errors, 2 left on base; Arizona 4 - Pittsburgh 14 |
TOP OF THE 9TH |
Arizona Diamondbacks batting - Pitching for Pittsburgh Pirates : RHP Trevor May
|
Batting: LHB Ryan McMahon
|
0-0: Called Strike 0-1: Swinging Strike 0-2: Ball 1-2: Strikes out swinging
|
Batting: LHB Josh Reddick
|
0-0: Ball 1-0: Foul Ball, location: 2F 1-1: Ball 2-1: SINGLE (Groundball, 4MD, EV 99.4 MPH)
|
Batting: RHB William Contreras
|
0-0: Foul Ball, location: 2F 0-1: Called Strike 0-2: Fly out, F9 (Flyball, 89D, EV 86.9 MPH)
|
Pinch Hitting: RHB Christian Walker
|
0-0: Ball 1-0: Foul Ball, location: 2F 1-1: Ball Wild Pitch! Josh Reddick to second 2-1: Ball 3-1: Base on Balls
|
Pinch Hitting: LHB Socrates Brito
|
0-0: Called Strike 0-1: Ball 1-1: Swinging Strike 1-2: Strikes out looking
|
Top of the 9th over - 0 runs, 1 hit, 0 errors, 2 left on base; Arizona 4 - Pittsburgh 14 |
|